 Dungeon Sprint DCSS version 0.31-a0-196-g86fe4a5e66 (webtiles) character file.

Game seed: 75569602068307440

1096 rocky1 the Unseen (level 8, 0/43 HPs)
             Began as a Vine Stalker Brigand on June 25, 2023.
             Was an Initiate of Gozag.
             Slain by a human
             ... wielding a +0 trident
              (10 damage)
             ... in the Dungeon (Sprint III: "The Ten Rune Challenge").
             The game lasted 00:04:02 (466 turns).

rocky1 the Unseen (Vine Stalker Brigand)             Turns: 466, Time: 00:04:03

Health: 0/43       AC:  3    Str: 13    XL:     8   Next: 31%
Magic:  0/9        EV: 13    Int: 11    God:    Gozag
Gold:   83         SH:  0    Dex: 19    Spells: 7/7 levels left

rFire   . . .        a - +2 dagger
rCold   . . .        (no shield)
rNeg    . . .        b - +0 robe
rPois   .            (helmet restricted)
rElec   .            c - +0 cloak
rCorr   .            (no gloves)
SInv    .            (no boots)
Will    ++...        (no amulet)
Stlth   +++++++      (no ring)
HPRegen 1.07/turn    (no ring)
MPRegen 0.11/turn

%: no teleportation, guardian spirit
@: brilliant, gold aura, hasted, very quick
A: fangs 3, regeneration 1, magic shield, antimagic bite, no potion heal 2,
antennae 1, hooves 1, strong-willed 1, subdued magic 1, noise suppression
a: Renounce Religion, Potion Petition, Call Merchant, Bribe Branch


You were in the Dungeon.
You worshipped Gozag.
Gozag was noncommittal.
You visited 1 branch You collected 419 gold pieces.
You paid 336 gold pieces to Gozag.

Inventory:

Hand Weapons
 a - a +2 dagger (weapon)
 s - a +1 long sword of holy wrath
Missiles
 d - 8 poisoned darts (quivered)
Armour
 b - a +0 robe (worn)
 c - a +0 cloak (worn)
Wands
 r - a wand of charming (11)
Scrolls
 k - a scroll of vulnerability {unknown}
 l - 2 scrolls of poison {unknown}
 m - a scroll of identify
 o - a scroll of revelation {unknown}
Potions
 f - 3 potions of curing
 h - 2 potions of magic
 n - 4 potions of enlightenment
 p - a potion of attraction
 q - 4 potions of mutation
Miscellaneous
 i - a tin of tremorstones (2/2)


   Skills:
 + Level 5.1 Fighting
 + Level 6.0 Short Blades
 - Level 3.6 Throwing
 + Level 2.7 Dodging
 + Level 18.5 Stealth
 * Level 4.2 Evocations


You had 7 spell levels left.
You didn't know any spells.
Your spell library contained the following spells:

 Spells                   Type           Power      Damage    Failure   Level
 Magic Dart               Conj           0%         1d3       30%         1
 Call Imp                 Summ           0%         N/A       43%         2
 Mephitic Cloud           Conj/Pois/Air  0%         N/A       67%         3


Dungeon Overview and Level Annotations

Branches:
Dungeon (1/1)

Altars:
Cheibriados
Dithmenos
Elyvilon
Fedhas
Gozag
Hepliaklqana
Kikubaaqudgha
Makhleb
Nemelex Xobeh
Okawaru
Qazlal
Ru
Sif Muna
Trog
Uskayaw
Vehumet
Wu Jian
Xom
Yredelemnul
Zin
The Shining One
Jiyva
Lugonu


Innate Abilities, Weirdness & Mutations

You have razor-sharp teeth.
Your natural rate of healing is unusually fast.
When hurt, damage is shared between your health and your magic reserves.
Your bite disrupts and absorbs the magic of your enemies.
Potions cannot restore your health.
You have a pair of small antennae on your head.
You have large cloven feet.
You are strong-willed. (Will+)
Your spells are a little easier to cast, but a little less powerful.
You passively dampen the noise of your surroundings.


Message History

The human is heavily wounded.
You miss the human. You kick the human. Your bite misses the human.
The human is heavily wounded.
The human hits you with a +0 trident!
* * * LOW HITPOINT WARNING * * *
You barely miss the human. You kick the human, but do no damage.
You bite the human. You drain its power.
You feel invigorated.
The human is severely wounded.
The human hits you with a +0 trident.
* * * LOW HITPOINT WARNING * * *
Okay, then. [a] - 609 gold - haste, heal wounds, resistance and might [b] - 450 gold - haste and heal wounds [c] - 336 gold - haste and brilliance Purchase which effect?
You don't have enough gold for that! [a] - 609 gold - haste, heal wounds, resistance and might [b] - 450 gold - haste and heal wounds [c] - 336 gold - haste and brilliance Purchase which effect?
You don't have enough gold for that! [a] - 609 gold - haste, heal wounds, resistance and might [b] - 450 gold - haste and heal wounds [c] - 336 gold - haste and brilliance Purchase which effect?
You no longer have enough gold to petition Gozag for potion effects.
You feel yourself speed up.
You feel clever all of a sudden. The human hits you with a +0 trident.
* * * LOW HITPOINT WARNING * * *
You hit the human but do no damage. Your kick misses the human.
The human is heavily wounded.
You miss the human. You kick the human. Your bite misses the human.
The human is severely wounded.
The human drinks a potion.
The human goes berserk!
You hit the human. You kick the human. Your bite misses the human.
The human is severely wounded.
The human hits you with a +0 trident!
You die...
Your body crumbles into a pile of gold.

▓▓▓▓▓▓ ▓▓▓ .#)..####
##.############ $
.#......#####..#___#___#__#$
$
##.......#..#..#...#__.#._#
.##.##..)#..#..###(#'###'##
.##.###..##'#..#..........#
####.##..###.÷.$@p....(...#
$ $$
##..##..####...#...######'#
$
....##..###....#.⌠.#__#...#
#..##...##.....#...#__#...#
..##....#......#'###__#...#
.###..##.#.....#.))#__#...+
.# #..#####....#___#__'...#
▓▓ ▓▓▓▓ ▓▓▓▓▓▓▓▓▓▓▓▓▓▓▓▓▓ {


You could see a human (berserk).

Vanquished Creatures
  A deep elf pyromancer (D)
  A shadow (D)
  A spatial vortex (D)
  A necrophage (D)
  A water elemental (D)
  A jelly (D)
  Jessica (D)
  A necromancer (D)
  A wizard (D)
  2 humans (D)
  A kobold demonologist (D)
  A phantom (D)
  2 endoplasms (D)
15 creatures vanquished.

Notes
Turn   | Place    | Note
-------+----------+-------------------------------------------
     0 | D        | rocky1 the Vine Stalker Brigand began the quest for the
                  | Orb.
     0 | D        | Reached XP level 1. HP: 11/11 MP: 2/2
    10 | D        | Reached skill level 5 in Stealth
    24 | D        | Noticed Jessica
    29 | D        | Killed Jessica
    30 | D        | Reached skill level 8 in Stealth
    30 | D        | Reached XP level 2. HP: 16/16 MP: 3/3
    30 | D        | Reached XP level 3. HP: 19/19 MP: 4/4
   101 | D        | Reached skill level 1 in Dodging
   101 | D        | Reached skill level 9 in Stealth
   118 | D        | Gained mutation: Your spells are a little easier to cast,
                  | but a little less powerful. [potion of mutation]
   118 | D        | Gained mutation: You have hidden genetic potential. [potion
                  | of mutation]
   118 | D        | Gained mutation: You have a pair of small antennae on your
                  | head. [potion of mutation]
   118 | D        | Gained mutation: You are strong-willed. (Will+) [potion of
                  | mutation]
   123 | D        | Noticed a water elemental
   129 | D        | Killed a water elemental
   130 | D        | Reached skill level 11 in Stealth
   130 | D        | Gained mutation: Your natural rate of healing is unusually
                  | fast. [Vine Stalker growth]
   130 | D        | Reached XP level 4. HP: 20/24 MP: 2/5
   134 | D        | Gained mutation: You passively dampen the noise of your
                  | surroundings. [hidden potential]
   207 | D        | Noticed a shadow
   209 | D        | Killed a shadow
   210 | D        | Reached skill level 14 in Stealth
   210 | D        | Reached XP level 5. HP: 29/29 MP: 6/6
   210 | D        | Reached XP level 6. HP: 33/33 MP: 7/7
   216 | D        | Found a blossoming altar of Fedhas.
   216 | D        | Found a stormy altar of Qazlal.
   216 | D        | Found a snail-covered altar of Cheibriados.
   216 | D        | Found a burning altar of Makhleb.
   216 | D        | Found a shimmering altar of Xom.
   217 | D        | Found a hazy altar of Hepliaklqana.
   217 | D        | Found an opulent altar of Gozag.
   217 | D        | Found a sparkling altar of Nemelex Xobeh.
   217 | D        | Found a corrupted altar of Lugonu.
   217 | D        | Found a viscous altar of Jiyva.
   217 | D        | Noticed a spatial vortex
   221 | D        | Became a worshipper of Gozag Ym Sagoz the Greedy
   222 | D        | Killed a spatial vortex
   223 | D        | Reached skill level 5 in Short Blades
   223 | D        | Reached skill level 15 in Stealth
   229 | D        | Gained mutation: You have large cloven feet. [hidden
                  | potential]
   229 | D        | Lost mutation: You have hidden genetic potential. [hidden
                  | potential expressed]
   242 | D        | Found a basalt altar of Yredelemnul.
   242 | D        | Found a shadowy altar of Dithmenos.
   242 | D        | Found a sacrificial altar of Ru.
   245 | D        | Reached skill level 16 in Stealth
   245 | D        | Reached skill level 1 in Evocations
   245 | D        | Reached XP level 7. HP: 38/38 MP: 8/8
   267 | D        | Found a glowing silver altar of Zin.
   267 | D        | Found a glowing golden altar of the Shining One.
   267 | D        | Found a white marble altar of Elyvilon.
   268 | D        | Noticed a deep elf pyromancer
   270 | D        | Killed a deep elf pyromancer
   271 | D        | Reached skill level 18 in Stealth
   271 | D        | Gained mutation: You have razor-sharp teeth. [Vine Stalker
                  | growth]
   271 | D        | Reached XP level 8. HP: 42/42 MP: 9/9
   284 | D        | Found a radiant altar of Vehumet.
   284 | D        | Found a shimmering blue altar of Sif Muna.
   284 | D        | Found an ancient bone altar of Kikubaaqudgha.
   287 | D        | Reached skill level 5 in Fighting
   308 | D        | Found a hide-covered altar of Uskayaw.
   308 | D        | Found an iron altar of Okawaru.
   308 | D        | Found a bloodstained altar of Trog.
   308 | D        | Found an ornate altar of the Wu Jian Council.
   466 | D        | Slain by a human

Illustrated notes

Levels and vault maps discovered:
D:        dungeon_sprint_mu [sprint_mu_entry_cave, sprint_mu_temple_rooms,
          sprint_mu_d1_spiders, sprint_mu_d2_genie, sprint_mu_d3_branching,
          sprint_mu_orc_legion, sprint_mu_elf_gauntlet, sprint_mu_hive_nellie,
          sprint_mu_lair_fedhas, sprint_mu_vaults_butterflies,
          sprint_mu_slime_circle, sprint_mu_swamp_cave, sprint_mu_shoals_archi,
          sprint_mu_blade_basic, sprint_mu_crypt_chambers,
          sprint_mu_tomb_spiral, sprint_mu_vestibule_basic,
          sprint_mu_gehenna_hellfire, sprint_mu_dis_giant,
          sprint_mu_tartarus_statrot, sprint_mu_cocytus_islands, sprint_mu_zot1]

Skill      XL: |  1  2  3  4  5  6  7  8 |
---------------+-------------------------+-----
Fighting       | 2 3 4 5 |  5.1
Stealth        | 8 11 14 16 18 | 18.5
Short Blades   | 2 3 4 5 6 |  6.0
Throwing       | 2 3 |  3.6
Dodging        | 1 2 |  2.7
Evocations     | 1 3 4 |  4.2

Action                     |  1- 3 |  4- 6 |  7- 9 || total
---------------------------+-------+-------+-------++-------
  Melee: Dagger            |    18 |     4 |    21 ||    43
         Bite              |     4 |       |     5 ||     9
         Kick              |       |       |    13 ||    13
  Throw: Dart              |       |       |     4 ||     4
 Invoke: Potion Petition   |       |       |     1 ||     1
    Use: Potion            |     2 |       |     1 ||     3
         Scroll            |       |       |     2 ||     2
   Stab: Sleeping          |     4 |     4 |     4 ||    12
 Armour: Robe              |     2 |       |       ||     2
  Dodge: Dodged            |     4 |       |     2 ||     6

Table legend: (Time is in decaauts)
 A = Elapsed time spent in this place.
 B = Non-inter-level travel time spent in this place.
 C = Inter-level travel time spent in this place.
 D = Time resting spent in this place.
 E = Time spent auto-exploring this place.
 F = Levels seen in this place.
 G = Mean time per level.
                   A        B        C        D        E       F      G
               +--------+--------+--------+--------+--------+-----+--------+
         Total |    445 |    445 |      0 |    138 |     24 |   1 |  445.0 |
       Dungeon |    445 |    445 |      0 |    138 |     24 |   1 |  445.0 |
               +--------+--------+--------+--------+--------+-----+--------+

Top non-repeatable levels by time:
       D: 445 daAuts
